 Dungeon Crawl Stone Soup version 0.28-a0-384-g9e0c098162 (webtiles) character file.

Game seed: 15374936452224755470

327 porpoise the Conjurer (level 6, -3/32 HPs)
             Began as a Deep Elf Conjurer on Sept 3, 2021.
             Slain by Duvessa (8 damage)
             ... on level 4 of the Dungeon.
             The game lasted 00:11:54 (3072 turns).

porpoise the Conjurer (Deep Elf Conjurer)           Turns: 3072, Time: 00:11:54

Health: -3/32      AC:  2    Str: 10    XL:     6   Next: 24%
Magic:  7/15       EV: 12    Int: 31    God:
Gold:   118        SH:  0    Dex: 13    Spells: 4/15 levels left

rFire   . . .      SeeInvis .   b - +0 hunting sling
rCold   . . .      Faith    .   (no shield)
rNeg    . . .      Spirit   .   q - +0 robe
rPois   .          Reflect  .   (no helmet)
rElec   .          Harm     .   (no cloak)
rCorr   .          Rampage  .   (no gloves)
Will    .....                   (no boots)
Stlth   ++........              (no amulet)
HPRegen 0.10/turn               n - +6 ring of intelligence
MPRegen 0.14/turn               o - +6 ring of strength

@: no status effects
A: no striking features
a: no special abilities


You were on level 4 of the Dungeon.
You visited 1 branch of the dungeon, and saw 4 of its levels.

You collected 118 gold pieces.

Inventory:

Hand Weapons
 a - a +0 short sword
 b - a +0 hunting sling (weapon)
 j - a +2 flail of holy wrath
Missiles
 e - 33 sling bullets
 f - 92 stones (quivered ammo)
 g - 40 bolts
Armour
 q - a +0 robe (worn)
Magical Staves
 p - a staff of cold
Jewellery
 n - a +6 ring of intelligence (left hand)
 o - a +6 ring of strength (right hand)
Scrolls
 c - 3 scrolls of teleportation
 d - a scroll of immolation {unknown}
Potions
 h - a potion of cancellation
 i - a potion of magic
 k - 2 potions of heal wounds
 l - a potion of berserk rage
 m - a potion of curing {unknown}


   Skills:
 - Level 2.4 Dodging
 - Level 2.4 Stealth
 - Level 5.0 Spellcasting
 - Level 6.0 Conjurations
 + Level 5.0 Hexes
 + Level 1.0 Translocations


You had 4 spell levels left.
You knew the following spells:

 Your Spells              Type           Power      Damage    Failure   Level
a - Magic Dart            Conj           100%       1d8       1%          1
b - Searing Ray           Conj           90%        3d6       1%          2
c - Fulminant Prism       Conj/Hex       20%        3d13      5%          4
d - Iskenderun's Mystic   Conj/Tloc      29%        2d7       13%         4

Your spell library contained the following spells:

 Spells                   Type           Power      Damage    Failure   Level
 Dazzling Flash           Conj/Hex       82%        N/A       1%          3
 Static Discharge         Conj/Air       26%        N/A       2%          2
 Sandblast                Erth           14%        2d6       5%          1
 Passwall                 Tmut/Erth      5%         N/A       9%          2
 Swiftness                Air            7%         N/A       16%         3
 Sticky Flame             Conj/Fire      26%        2d5       16%         4
 Dispel Undead            Necr           7%         3d8       47%         4
 Invisibility             Hex            19%        N/A       71%         6
 Lee's Rapid Deconstruct  Erth           3%         3d6*      83%         5


Dungeon Overview and Level Annotations

Branches:
Dungeon (4/15)
 Temple: D:4-7

Altars:
Kikubaaqudgha

Annotations:
D:4 Duvessa


Message History

Confirm with . or Enter, or press ? or * to list all spells.
The spell is quite dangerous to cast (6% risk of failure)!
Continue anyway?
Aiming: Fulminant Prism (quite dangerous; 6% risk of failure)
Press: ? - help, Dir - move target You conjure a prism of explosive energy!
A fulminant prism comes into view.
You shoot a stone.
The stone hits Duvessa but does no damage.
Duvessa shouts!
Dowan, Brother of Duvessa comes into view.
He is wielding a +0 dagger and carrying a wand of polymorph (5).
Your fulminant prism crackles loudly.
You shoot a stone. The stone barely misses Duvessa.
Your fulminant prism explodes!
The blast of energy engulfs Duvessa!!
Duvessa is heavily wounded.
The blast of energy engulfs Dowan!!
You kill Dowan!
Duvessa screams in rage.
Duvessa goes berserk!
You hear a shout! x2
Your Hexes skill increases to level 5!
Your Translocations skill increases to level 1!
Casting: Fulminant Prism (quite dangerous; 5% risk of failure)
Confirm with . or Enter, or press ? or * to list all spells.
Aiming: Searing Ray (safe; 1% risk of failure)
Press: ? - help, Shift-Dir - straight line, f/p - Duvessa
Aim: Duvessa, wielding a +1 short sword of speed and wearing a +0 scale mail (heavily wounded, berserk, 87% to hit)
The searing ray hits Duvessa.
Duvessa is heavily wounded. (Press . to maintain the ray.)
The searing ray hits Duvessa!
Duvessa is severely wounded.
Duvessa hits you with a +1 short sword of speed!
Duvessa hits you with a +1 short sword of speed!!
Ouch! That really hurt!
* * * LOW HITPOINT WARNING * * *
The searing ray hits Duvessa.
Duvessa is almost dead.
Duvessa hits you with a +1 short sword of speed!
You die...

#.# ##...## ##.#####
##.....## #
#......###.......##
####....#.##.........#
...........).........+
####....#.##.........#
# #.#..#.###)......# #
#......# ##.....## #
####.### ##.@.## # #.#
##e## # #.# #.# #..
#.> )(.# .... .(.#


You could see Duvessa (berserk).

Vanquished Creatures
  Edmund (D:4)
  Blork the orc (D:4)
  Dowan (D:4)
  3 gnolls (D:2)
  2 adders
  3 worms
  3 ball pythons
  6 bats
  3 endoplasms (D:1)
  A giant cockroach (D:4)
  3 goblins
  4 hobgoblins
  7 quokkas
  2 frilled lizards
  4 kobolds
  4 rats
48 creatures vanquished.

Vanquished Creatures (others)
  A fulminant prism (D:4)
1 creature vanquished.

Grand Total: 49 creatures vanquished

Notes
Turn   | Place    | Note
-------+----------+-------------------------------------------
     0 | D:1      | porpoise the Deep Elf Conjurer began the quest for the Orb.
     0 | D:1      | Reached XP level 1. HP: 10/10 MP: 6/6
   216 | D:1      | Reached XP level 2. HP: 15/15 MP: 0/8
   284 | D:1      | Learned a level 2 spell: Searing Ray
  1129 | D:2      | Reached skill level 5 in Conjurations
  1129 | D:2      | Reached XP level 3. HP: 19/19 MP: 8/10
  1498 | D:2      | Found a faded altar of an unknown god.
  1766 | D:2      | Reached XP level 4. HP: 24/24 MP: 3/12
  2306 | D:3      | Found an ancient bone altar of Kikubaaqudgha.
  2408 | D:3      | Reached skill level 5 in Spellcasting
  2852 | D:4      | Learned a level 4 spell: Fulminant Prism
  2857 | D:4      | Learned a level 4 spell: Iskenderun's Mystic Blast
  2913 | D:4      | Noticed Blork the orc
  2913 | D:4      | Noticed Edmund
  2918 | D:4      | Killed Blork the orc
  2919 | D:4      | Reached skill level 6 in Conjurations
  2919 | D:4      | Reached XP level 5. HP: 28/28 MP: 7/14
  2921 | D:4      | Killed Edmund
  2922 | D:4      | Reached XP level 6. HP: 20/32 MP: 3/15
  3066 | D:4      | Noticed Duvessa
  3068 | D:4      | Noticed Dowan
  3069 | D:4      | Killed Dowan
  3070 | D:4      | Reached skill level 5 in Hexes
  3070 | D:4      | Reached skill level 1 in Translocations
  3072 | D:4      | Slain by Duvessa

Illustrated notes

Levels and vault maps discovered:
D:1:      ncdulo_halloftheorcs, layout_loops_ring
D:2:      layout_loops_ring, shapermc_ecumenical_altar_acropolis,
          minmay_misc_feat_four_crosses
D:3:      layout_loops_ring, kiku_gazebo_pond_becter, serial_bayou_crossing
D:4:      layout_loops_corners, xom_teletrap_fun, vehumet_altar_wand_db,
          uniq_blork_the_orc, uniq_grinder, uniq_robin, uniq_duvessa,
          uniq_edmund, uniq_crazy_yiuf_cottage

Skill      XL: |  1  2  3  4  5  6 |
---------------+-------------------+-----
Spellcasting   | 4 5 |  5.0
Conjurations   | 5 6 |  6.0
Hexes          | 2 4 5 |  5.0
Translocations | 1 |  1.0
Dodging        | |  2.4
Stealth        | |  2.4

Action                   |  1- 3 |  4- 6 || total
-------------------------+-------+-------++-------
 Fire: Hunting sling     |       |     5 ||     5
 Cast: Magic Dart        |    42 |    15 ||    57
       Searing Ray       |     7 |     8 ||    15
       Fulminant Prism   |       |     1 ||     1
  Use: Scroll            |       |     6 ||     6
       Potion            |       |     1 ||     1
Armor: Robe              |     1 |       ||     1
Dodge: Dodged            |     3 |     3 ||     6

Table legend: (Time is in decaauts)
 A = Elapsed time spent in this place.
 B = Non-inter-level travel time spent in this place.
 C = Inter-level travel time spent in this place.
 D = Time resting spent in this place.
 E = Time spent auto-exploring this place.
 F = Levels seen in this place.
 G = Mean time per level.
                   A        B        C        D        E       F      G
               +--------+--------+--------+--------+--------+-----+--------+
         Total |   3059 |   2964 |     95 |   1063 |   1586 |   4 |  764.8 |
       Dungeon |   3059 |   2964 |     95 |   1063 |   1586 |   4 |  764.8 |
               +--------+--------+--------+--------+--------+-----+--------+

Top non-repeatable levels by time:
     D:2: 1112 daAuts
     D:1: 923 daAuts
     D:3: 783 daAuts
     D:4: 240 daAuts
